 Dungeon Crawl Stone Soup version 0.18-a0-19-g8b99b3a (webtiles) character file.

67 4thArraOfDagon the Stinger (level 4, -1/24 HPs)
             Began as a Tengu Venom Mage on Nov 1, 2015.
             Slain by an iguana (14 damage)
             ... on level 5 of the Dungeon.
             The game lasted 00:03:26 (632 turns).

4thArraOfDagon the Stinger (Tengu Venom Mage)        Turns: 632, Time: 00:03:26

Health: -1/24      AC:  2    Str:  8    XL:     4   Next: 18%
Magic:  0/8        EV: 13    Int: 16    God:
Gold:   55         SH:  0    Dex: 19    Spells: 3 memorised, 1 level left

rFire  . . .     SeeInvis .       - Unarmed
rCold  . . .     Clarity  .     a - +0 robe
rNeg   . . .     SustAt   +     (no shield)
rPois  .         Gourm    .     (helmet restricted)
rElec  .         Spirit   .     (no cloak)
rCorr  .         Warding  .     (no gloves)
rMut   .         Stasis   .     (boots unavailable)
MR     .....                    (no amulet)
Stlth  ++........               l - +4 ring of dexterity
                                i - ring of sustain attributes

@: very slightly contaminated, not resistant to hostile enchantments, unstealthy
A: beak, talons 3
a: no special abilities


You were on level 5 of the Dungeon.
You were not hungry.

You visited 1 branch of the dungeon, and saw 5 of its levels.

You collected 55 gold pieces.

Inventory:

Armour
 a - a +0 robe (worn)
Jewellery
 i - a ring of sustain attributes (left hand)
 l - a +4 ring of dexterity (right hand)
Scrolls
 d - 2 scrolls of identify {unknown}
 e - 2 scrolls of remove curse
 f - a scroll of immolation {unknown}
 h - a scroll of enchant weapon {unknown}
 k - a scroll of fog {unknown}
Potions
 j - a potion of curing {unknown}
 p - a potion of poison {unknown}
Books
 b - a Young Poisoner's Handbook

   Spells                             Type                      Level
   a - Sting                          Conjuration/Poison           1
   b - Cure Poison                    Poison                       2
   c - Mephitic Cloud                 Conjuration/Poison/Air       3
   d - Olgreb's Toxic Radiance        Poison                       4
   e - Venom Bolt                     Conjuration/Poison           5
Comestibles
 c - 3 bread rations
 g - 2 fruits
 m - a royal jelly
 o - a meat ration


   Skills:
 - Level 2.1 Dodging
 - Level 2.0 Stealth
 * Level 1.9 Unarmed Combat
 + Level 2.2 Spellcasting
 * Level 2.4 Conjurations
 * Level 4.5 Poison Magic


You had one spell level left.
You knew the following spells:

 Your Spells              Type           Power        Failure   Level  Hunger
a - Sting                 Conj/Pois      ##..         6%          1    #......
b - Mephitic Cloud        Conj/Pois/Air  #.......     28%         3    ###....
c - Cure Poison           Pois           ###.......   6%          2    ###....


Dungeon Overview and Level Annotations

Branches:
Dungeon (5/15)
 Temple: D:4-7

Altars:


Innate Abilities, Weirdness & Mutations

You have a beak for a mouth.
You have claws for feet.


Message History

Aiming: Sting
Press: ? - help, Shift-Dir - straight line, f/p - iguana
Aim: an iguana (moderately wounded)
The sting hits the iguana.
The iguana is poisoned.
The iguana is heavily wounded.
The iguana closely misses you.
Casting: Sting
Confirm with . or Enter, or press ? or * to list all spells.
You don't have enough magic to cast that spell.
Unknown command.
Casting: Sting
Confirm with . or Enter, or press ? or * to list all spells.
Aiming: Sting
Press: ? - help, Shift-Dir - straight line, f/p - iguana
Aim: an iguana (almost dead)
The sting hits the iguana.
The iguana appears unharmed.
The iguana is almost dead.
The iguana bites you!
Ouch! That really hurt!
You die...

#...# . ..##.# #...# ##
#... #...# ###.#### .
######...######......##..
................#.......
..................##.##..
................#........
######...######.#l...###.
#...# #.@....# #..<#
######..... #...# #####
#...# #...# ##.## #. ..
#.


You could see an iguana.

Vanquished Creatures
  An orc wizard (D:3)
  An adder (D:2)
  An ooze (D:1)
  A worm (D:5)
  A giant gecko (D:1)
  4 orcs (D:3)
  A giant cockroach (D:5)
  5 goblins
  3 bats
  A giant newt (D:1)
  2 kobolds (D:1)
  2 rats (D:3)
23 creatures vanquished.

Notes
Turn   | Place    | Note
--------------------------------------------------------------
     0 | D:1      | 4thArraOfDagon the Tengu Venom Mage began the quest for the Orb.
     0 | D:1      | Reached XP level 1. HP: 10/10 MP: 4/4
    46 | D:1      | Reached skill level 1 in Conjurations
    46 | D:1      | Reached XP level 2. HP: 12/15 MP: 4/6
   191 | D:1      | Reached skill level 1 in Unarmed Combat
   270 | D:2      | Reached XP level 3. HP: 8/19 MP: 4/7
   336 | D:3      | Learned a level 3 spell: Mephitic Cloud
   344 | D:3      | Learned a level 2 spell: Cure Poison
   372 | D:3      | Reached XP level 4. HP: 18/24 MP: 2/8
   560 | D:5      | Entered Level 5 of the Dungeon
   632 | D:5      | Slain by an iguana

Vault maps used:
D:1:      dpeg_arrival_houses_and_road
D:2:      kennysheep_six_static_rooms, xom_redecorated, uniq_robin
D:4:      nicolae_overflow_hidden_temple, first_bread, minmay_misc_feat_cross
D:5:      nicolae_qazlal_eye_of_the_storm, serial_shops, shop, minivault_25,
          tso_altar

Action                   |  1- 3 |  4- 6 || total
-------------------------+-------+-------++-------
Melee: Unarmed           |    27 |     6 ||    33
 Cast: Sting             |    32 |    13 ||    45
  Use: Potion            |     1 |       ||     1
       Scroll            |       |     1 ||     1
 Stab: Sleeping          |     2 |       ||     2
